 Dungeon Crawl Stone Soup version 0.31-a0-557-g6e16503903 (webtiles) character file.

Game seed: 12082246890839207019

2347 Shayle the Trooper (level 9, -8/141 HPs)
             Began as an Ogre Shapeshifter on Aug 16, 2023.
             Mangled by a white ugly thing (34 damage)
             ... on level 6 of the Dungeon.
             The game lasted 00:11:18 (6508 turns).

Shayle the Trooper (Ogre Shapeshifter)              Turns: 6508, Time: 00:11:19

Health: -8/141     AC: 24    Str: 21    XL:     9   Next: 43%
Magic:  17/17      EV:  1    Int: 13    God:
Gold:   512        SH:  0    Dex:  9    Spells: 15/19 levels left

rFire   . .          .
                       - Unarmed
rCold   . . .        (no shield)
rNeg    . . .        a - melded +0 animal skin
rPois   +            (helmet currently unavailable)
rElec   .            (cloak currently unavailable)
rCorr   +            (gloves unavailable)
SInv    .            (boots unavailable)
Will    .....        (no amulet)
Stlth   +            f - ring of resist corrosion
HPRegen 0.43/turn    w - ring of poison resistance
MPRegen 0.15/turn

%: no passive effects
@: tree-form
A: stationary, stasis, torment immunity, boosted hp, large, unfitting armour,
(tough skin 1)
a: no special abilities


You were on level 6 of the Dungeon.
You were a tree.
You visited 1 branch of the dungeon, and saw 7 of its levels.

You collected 512 gold pieces.

Inventory:

Hand Weapons
 m - the +10 sling of Makhleb's Respect {heavy, rC+}
   (You took it off an orc on level 3 of the Dungeon)

   rC+:       It protects you from cold.
 A - a +1 heavy broad axe
 D - a +2 short sword of venom
Missiles
 o - 2 throwing nets
Armour
 a - a +0 animal skin (melded)
Jewellery
 f - a ring of resist corrosion (left branch)
 w - a ring of poison resistance (right branch)
 y - a ring of fire
Talismans
 c - a beast talisman
 d - a flux talisman
Wands
 n - a wand of charming (15)
 B - a wand of flame (25)
Scrolls
 h - a scroll of silence {unknown}
 j - a scroll of brand weapon
 l - 3 scrolls of teleportation {unknown}
 p - 3 scrolls of noise {unknown}
 q - 3 scrolls of amnesia {unknown}
 s - a scroll of summoning {unknown}
 x - 2 scrolls of identify
 z - a scroll of fog {unknown}
Potions
 b - a potion of lignification
 e - a potion of berserk rage
 g - a potion of enlightenment {unknown}
 k - a potion of might {unknown}
 r - a potion of attraction {unknown}
 t - a potion of haste {unknown}
 u - 3 potions of curing
 v - 3 potions of ambrosia {unknown}
 C - 2 potions of degeneration {unknown}


   Skills:
 + Level 7.6 Fighting
 - Level 3.0 Dodging
 + Level 5.9 Unarmed Combat
 + Level 5.5 Spellcasting
 + Level 4.0 Conjurations
 + Level 4.0 Translocations
 - Level 3.6 Shapeshifting


You had 15 spell levels left.
You knew the following spells:

 Your Spells              Type           Power      Damage    Failure   Level
a - Iskenderun's Mystic   Conj/Tloc      14%        2d5       34%         4

Your spell library contained the following spells:

 Spells                   Type           Power      Damage    Failure   Level
 Apportation              Tloc           28%        N/A       3%          1
 Necrotise                Necr           12%        1d4       19%         1
 Sting                    Tmut/Pois      12%        1d3       19%         1
 Summon Small Mammal      Summ           12%        N/A       19%         1
 Volatile Blastmotes      Fire/Tloc      16%        2d11      24%         3
 Poisonous Vapours        Pois/Air       6%         N/A       26%         2
 Fulminant Prism          Conj/Hex       4%         3d5       61%         4
 Olgreb's Toxic Radiance  Pois           3%         N/A       87%         4


Dungeon Overview and Level Annotations

Branches:
Dungeon (7/15)
 Temple: D:4-7

Altars:
Vehumet

Annotations:
D:6 1 runed translucent door, Crazy Yiuf


Innate Abilities, Weirdness & Mutations

You are a tree.
Your roots penetrate the ground, keeping you stationary.
You cannot be teleported.
You are immune to unholy pain and torment.
Your maximum health is greatly increased.
Your equipment is partially melded.
You are too large for most types of armour.
((You have tough skin. (AC +1)))


Message History

There is a stone staircase leading down here.
You shoot a sling bullet.
The sling bullet hits the white ugly thing!!
The white ugly thing is moderately wounded.
The white ugly thing tentacle-slaps you!
The white ugly thing freezes you! You resist.
The white ugly thing barely misses you.
The white ugly thing tentacle-slaps you!
The white ugly thing freezes you! You resist.
* * * LOW HITPOINT WARNING * * *
You feel much better.
The white ugly thing closely misses you.
Your transformation has ended.
You turn into a tree.
Your +0 animal skin melds into your body.
Your roots penetrate the ground.
The white ugly thing tentacle-slaps you but does no damage.
You are now empty-handed.
You pummel the white ugly thing!!
The white ugly thing is severely wounded.
The white ugly thing tentacle-slaps you but does no damage.
You hit the white ugly thing.
The white ugly thing is severely wounded.
The white ugly thing tentacle-slaps you!
The white ugly thing freezes you!!
* * * LOW HITPOINT WARNING * * *
You closely miss the white ugly thing.
The white ugly thing is severely wounded.
The white ugly thing tentacle-slaps you but does no damage.
You hit the white ugly thing.
The white ugly thing is severely wounded.
You barely miss the white ugly thing.
The white ugly thing is severely wounded.
The white ugly thing tentacle-slaps you but does no damage.
You pummel the white ugly thing!!
The white ugly thing is almost dead.
The white ugly thing tentacle-slaps you.
* * * LOW HITPOINT WARNING * * *
The white ugly thing freezes you!!
You die...

# ######## # #......# #
#.####.# # #.#....# #
#.#.#..#
############.#.#..#
##........[..#.#..#
.#....########.#..#
.'.(...........u♣.#######
.#....########.#.......<#
##....# #.#.########
#....###### #.#.#
##.........# #.#.#
...........# #.#.#
...........# #.#.#
...........###.#.#
....####.......#.#


You could see a white ugly thing.

Vanquished Creatures
  A gargoyle (D:7)
  A wyvern (D:7)
  Sigmund (D:2)
  A water moccasin (D:3)
  2 ice beasts
  2 centaurs (D:7)
  3 bullfrogs
  A kobold brigand (D:6)
  4 scorpions
  2 wights (D:7)
  A howler monkey (D:6)
  4 hounds (D:6)
  2 jellies
  A gnoll bouda (D:5)
  2 orc priests (D:7)
  A sleepcap (D:7)
  3 iguanas
  4 orc wizards
  8 gnolls
  4 adders
  2 white imps
  2 ufetubi (D:7)
  A worm (D:2)
  A dart slug (D:3)
  11 orcs
  6 endoplasms
  3 giant cockroaches
  8 goblins
  7 hobgoblins
  7 kobolds
  2 quokkas
  5 ball pythons (D:1)
  5 bats
  3 frilled lizards
  10 rats
121 creatures vanquished.

Notes
Turn   | Place    | Note
-------+----------+-------------------------------------------
     0 | D:1      | Shayle the Ogre Shapeshifter began the quest for the Orb.
     0 | D:1      | Reached XP level 1. HP: 19/19 MP: 1/1
   129 | D:1      | Reached XP level 2. HP: 18/28 MP: 2/2
   146 | D:1      | Reached skill level 2 in Fighting
   863 | D:2      | Reached XP level 3. HP: 29/35 MP: 3/3
  1082 | D:2      | Noticed Sigmund
  1096 | D:2      | Killed Sigmund
  1097 | D:2      | Reached skill level 3 in Fighting
  1097 | D:2      | Reached XP level 4. HP: 46/46 MP: 4/4
  1097 | D:2      | Reached XP level 5. HP: 53/53 MP: 5/5
  1807 | D:3      | Identified the +10 sling of Makhleb's Respect {heavy, rC+}
  2059 | D:3      | Reached skill level 1 in Spellcasting
  2059 | D:3      | Reached XP level 6. HP: 62/62 MP: 7/7
  2095 | D:3      | Reached skill level 4 in Fighting
  2104 | D:3      | Found a faded altar of an unknown god.
  2223 | D:3      | Noticed a water moccasin
  2235 | D:3      | Killed a water moccasin
  3068 | D:4      | Learned a level 4 spell: Iskenderun's Mystic Blast
  3265 | D:4      | Reached XP level 7. HP: 71/71 MP: 10/10
  3266 | D:4      | Reached skill level 5 in Fighting
  3441 | D:4      | Found a radiant altar of Vehumet.
  3531 | D:5      | Entered Level 5 of the Dungeon
  3710 | D:5      | Reached skill level 1 in Conjurations
  3772 | D:5      | Reached skill level 1 in Translocations
  4759 | D:6      | Reached XP level 8. HP: 83/83 MP: 11/13
  4885 | D:6      | Reached skill level 6 in Fighting
  5041 | D:6      | Reached skill level 5 in Unarmed Combat
  5200 | D:6      | Found a runed translucent door.
  5201 | D:6      | Noticed Crazy Yiuf
  6106 | D:7      | Reached XP level 9. HP: 92/92 MP: 16/16
  6113 | D:7      | Reached skill level 7 in Fighting
  6172 | D:7      | Reached skill level 5 in Spellcasting
  6393 | D:7      | Noticed a gargoyle
  6402 | D:7      | Killed a gargoyle
  6469 | D:7      | Noticed a white ugly thing
  6469 | D:7      | Noticed a cyclops
  6508 | D:6      | Mangled by a white ugly thing

Illustrated notes

Levels and vault maps discovered:
D:1:      dpeg_arrival_fog, layout_loops_ring, minmay_vboxes
D:2:      kennysheep_six_static_rooms, layout_loops_ring, minivault_23,
          uniq_sigmund
D:3:      layout_loops_corners, hellmonk_ecumenical_altar_inner_sanctum,
          kennysheep_generic_room_5
D:4:      layout_rooms, marbit_many_paths
D:5:      kennysheep_spiral_hall, layout_loops_ring, feat_on_display
D:6:      layout_basic, kennysheep_generic_room_16, uniq_crazy_yiuf_cottage
D:7:      minmay_chambers_of_sevens, layout_gridville,
          minmay_temple_entry_junction_2, serial_demonic, serial_demonic_a,
          serial_demonic_c, serial_demonic_c, serial_demonic_g,
          nicolae_beast_mode, uniq_maggie, uniq_duvessa

Skill      XL: |  1  2  3  4  5  6  7  8  9 |
---------------+----------------------------+-----
Dodging        | 2 3 |  3.0
Fighting       | 2 3 4 5 6 7 |  7.6
Unarmed Combat | 3 4 5 |  5.9
Spellcasting   | 1 2 3 4 5 |  5.5
Conjurations   | 2 3 4 |  4.0
Translocations | 1 3 4 |  4.0
Shapeshifting  | |  3.6

Action                     |  1- 3 |  4- 6 |  7- 9 || total
---------------------------+-------+-------+-------++-------
  Melee: Unarmed           |    70 |    31 |     6 ||   107
         Punch             |     1 |       |       ||     1
         Sling             |       |       |     3 ||     3
   Fire: Sling             |       |    51 |   142 ||   193
    Use: Potion            |     1 |     2 |     3 ||     6
         Scroll            |       |     4 |     2 ||     6
   Stab: Sleeping          |     2 |       |       ||     2
 Armour: Animal skin       |    17 |    12 |    22 ||    51
         Skin              |     2 |       |     4 ||     6
  Dodge: Dodged            |    30 |    31 |    88 ||   149

Table legend: (Time is in decaauts)
 A = Elapsed time spent in this place.
 B = Non-inter-level travel time spent in this place.
 C = Inter-level travel time spent in this place.
 D = Time resting spent in this place.
 E = Time spent auto-exploring this place.
 F = Levels seen in this place.
 G = Mean time per level.
                   A        B        C        D        E       F      G
               +--------+--------+--------+--------+--------+-----+--------+
         Total |   6714 |   6435 |    279 |   1415 |   3917 |   7 |  959.1 |
       Dungeon |   6714 |   6435 |    279 |   1415 |   3917 |   7 |  959.1 |
               +--------+--------+--------+--------+--------+-----+--------+

Top non-repeatable levels by time:
     D:3: 1276 daAuts
     D:5: 1261 daAuts
     D:6: 1144 daAuts
     D:2: 981 daAuts
     D:1: 797 daAuts
     D:7: 720 daAuts
     D:4: 533 daAuts
